Map: 데스오라 - 래더

Players

Solar - Winner!

  • Race: Zerg Zerg
  • Spawn Location: 5:00

LiquidClem (Clem)

  • Race: Terran Terran
  • Spawn Location: 11:00

Event: StayAtHomestory Cup #2

VOD

Have the link to the VOD?

Description

Time

  • Played on: June 13, 2020, 9:29 a.m.
  • Length: 10:19

All games in this series

Show
View Real Time Build Order
Export as new Build Order

Solar Zerg - Winner!

Build Orders: Hatch First, Muta Ling Bane 

Get SALT Encoding   

  12  0:01  Drone  
  13  0:12  Overlord  
  13  0:16  Drone  
  14  0:31  Drone x2  
  16  0:47  Hatchery  
  15  0:50  Drone  
  15  0:54  Drone  
  17  0:57  Drone  
  18  1:08  Extractor  
  17  1:12  Spawning Pool  
  17  1:15  Drone  
  17  1:19  Drone  
  18  1:28  Drone  
  19  1:39  Drone  
  20  1:52  Overlord  
  20  1:59  Queen x2, Zergling x2  
  20  2:00  Zergling x2  
  26  2:12  Drone x2  
  28  2:22  Hatchery  
  27  2:25  Drone  
  27  2:27  Drone  
  29  2:33  Metabolic Boost  
  29  2:37  Drone  
  30  2:43  Queen  
  32  2:47  Overlord  
  32  2:51  Drone  
  33  2:56  Drone x2  
  35  3:01  Drone  
  36  3:07  Drone x3  
  36  3:11  Drone x2  
  41  3:15  Queen  
  41  3:17  Overlord  
  43  3:21  Drone  
  44  3:30  Overlord  
  44  3:34  Queen  
  44  3:39  Overlord  
  44  3:40  Drone x2  
  48  3:42  Zergling x6  
  48  3:44  Drone  
  48  3:47  Drone  
  53  3:53  Zergling x2  
  53  3:54  Queen  
  56  3:56  Drone x3  
  56  4:00  Overlord  
  56  4:01  Drone  
  56  4:02  Drone  
  61  4:07  Zergling x2  
  61  4:08  Drone  
  63  4:11  Overlord  
  63  4:17  Lair  
  63  4:19  Drone x2  
  63  4:22  Baneling Nest  
  64  4:25  Spore Crawler  
  64  4:26  Overlord  
  64  4:27  Drone x2  
  64  4:28  Drone  
  64  4:29  Drone  
  64  4:31  Drone  
  68  4:34  Extractor, Drone x2  
  68  4:35  Extractor  
  68  4:40  Queen  
  68  4:44  Zergling x6  
  73  4:46  Drone x2  
  73  4:49  Drone x3  
  73  4:52  Spore Crawler  
  77  4:56  Spore Crawler  
  77  4:57  Drone x2  
  77  4:58  Drone  
  79  5:01  Drone  
  79  5:04  Drone  
  79  5:05  Drone x2  
  79  5:06  Extractor  
  82  5:08  Drone  
  82  5:11  Overlord  
  82  5:12  Drone x2  
  82  5:13  Drone x2  
  82  5:14  Drone  
  88  5:15  Drone  
  88  5:16  Overseer  
  89  5:25  Drone  
  89  5:26  Spire  
  89  5:27  Extractor x2, Overlord  
  87  5:29  Baneling x3  
  87  5:32  Zergling x8  
  83  5:38  Zergling x10  
  83  5:39  Queen  
  84  5:45  Zergling x2  
  84  5:46  Zergling x6  
  84  5:48  Queen  
  88  5:54  Overlord  
  88  5:56  Drone x2  
  90  5:58  Drone x2  
  90  5:59  Drone  
  93  6:05  Overlord  
  93  6:07  Drone x2  
  95  6:17  Overlord, Hatchery  
  94  6:20  Overlord  
  94  6:32  Evolution Chamber  
  93  6:35  Evolution Chamber  
  93  6:36  Overlord  
  93  6:39  Mutalisk x8  
  108  6:41  Centrifical Hooks  
  108  6:44  Zergling x6  
  108  6:46  Overseer  
  111  6:49  Zergling x6  
  111  6:53  Overlord  
  111  6:54  Zergling x2  
  115  6:55  Baneling x7  
  115  6:56  Baneling  
  115  7:00  Zergling x8, Baneling  
  118  7:06  Zergling x6  
  121  7:10  Zergling x6  
  121  7:12  Zerg Ground Armor Level 1  
  124  7:18  Zergling x6  
  124  7:21  Baneling x4  
  127  7:24  Zergling x6, Zerg Melee Weapons Level 1  
  127  7:26  Zergling x4  
  127  7:28  Overlord  
  127  7:29  Zergling x2  
  134  7:30  Zergling x6  
  134  7:32  Zerg Flyer Weapons Level 1  
  136  7:37  Mutalisk  
  136  7:42  Mutalisk  
  140  7:45  Drone x2  
  140  7:47  Pneumatized Carapace  
  140  7:50  Drone x2  
  144  7:52  Drone x2  
  144  7:53  Drone x2  
  144  7:54  Drone  
  144  7:55  Overlord x2  
  144  7:56  Mutalisk x2  
  144  7:58  Drone  
  154  7:59  Drone  
  154  8:00  Overlord  
  154  8:05  Extractor, Drone x5  
  160  8:07  Drone  
  160  8:14  Overlord  
  160  8:18  Mutalisk x2  
  164  8:20  Mutalisk  
  166  8:27  Hatchery  
  166  8:32  Zergling x24  
  177  8:40  Baneling x10  
  176  8:42  Zergling x2  
  176  8:43  Zergling x10  
  176  8:46  Queen  
  176  8:48  Zergling x2  
  183  8:54  Queen  
  183  8:57  Zergling x8, Overseer  
  183  9:00  Overlord  
  183  9:01  Drone x3  
  183  9:02  Infestation Pit  
  189  9:09  Baneling x7  
  189  9:16  Baneling x13  
  189  9:17  Zergling x6  
  189  9:18  Overlord  
  189  9:20  Overlord  
  189  9:21  Overlord  
  189  9:24  Zergling x12  
  196  9:27  Zergling x2  
  196  9:29  Zergling x2  
  196  9:30  Zergling x2  
  199  9:36  Zergling x2  
  199  9:37  Zergling x6  
  195  9:39  Baneling x9  
  195  9:40  Baneling x6  
  195  9:41  Zergling x2  
  195  9:42  Zergling x8  
  189  9:46  Zergling x4  
  165  9:54  Mutalisk x3  
  165  9:56  Zergling x4  
Show
View Real Time Build Order
Export as new Build Order

LiquidClem Terran 

Build Orders: Hellion Opening, Reaper Expand 

Get SALT Encoding   

  12  0:00  SCV  
  13  0:12  SCV  
  14  0:17  Supply Depot  
  14  0:25  SCV  
  15  0:39  SCV  
  15  0:41  Barracks  
  16  0:44  Refinery  
  16  0:51  SCV  
  17  1:03  SCV  
  18  1:15  SCV  
  19  1:28  Orbital Command, Reaper  
  20  1:39  Command Center  
  20  1:50  Supply Depot  
  20  1:53  SCV  
  21  1:59  Marine  
  22  2:06  SCV, Factory  
  23  2:13  Refinery  
  23  2:18  SCV  
  23  2:21  Barracks Reactor  
  24  2:30  SCV  
  25  2:42  SCV  
  26  2:52  Starport  
  26  2:53  Orbital Command  
  26  2:55  SCV  
  27  3:02  Hellion x2  
  31  3:07  SCV  
  31  3:08  Marine  
  33  3:19  SCV x2  
  35  3:25  Hellion x2  
  35  3:26  Supply Depot  
  39  3:28  Fusion Core  
  39  3:29  Starport Tech Lab  
  39  3:31  SCV x2  
  41  3:43  SCV  
  41  3:44  SCV  
  41  3:46  Hellion  
  47  3:48  Hellion  
  47  3:51  Supply Depot  
  47  3:55  SCV  
  48  3:56  SCV  
  49  4:08  SCV  
  49  4:09  SCV  
  51  4:12  Hellion  
  51  4:13  Hellion  
  61  4:17  Battlecruiser  
  61  4:18  Supply Depot  
  61  4:29  Command Center  
  61  4:33  SCV  
  61  4:34  Barracks Tech Lab  
  62  4:40  SCV  
  62  4:41  Supply Depot  
  62  4:44  Hellion x2  
  67  4:47  SCV  
  67  4:52  SCV  
  69  4:54  Stimpack  
  69  4:56  Barracks  
  69  4:58  Barracks  
  69  5:03  SCV, Supply Depot  
  70  5:07  Engineering Bay  
  70  5:10  SCV  
  70  5:11  Engineering Bay  
  71  5:15  SCV  
  72  5:23  Marine  
  72  5:26  SCV  
  72  5:27  Supply Depot  
  74  5:29  Starport Reactor  
  74  5:30  Siege Tank  
  74  5:33  SCV  
  74  5:40  Barracks  
  74  5:41  Barracks, Refinery x2  
  72  5:47  Orbital Command, Terran Infantry Weapons Level 1  
  72  5:48  SCV  
  72  5:49  SCV  
  74  5:56  Barracks Reactor  
  74  6:00  SCV, Terran Infantry Armor Level 1  
  74  6:01  Marine x3  
  78  6:05  SCV  
  78  6:06  Orbital Command  
  79  6:12  SCV  
  79  6:17  SCV  
  81  6:19  Marine x3  
  81  6:23  Medivac x2  
  81  6:24  SCV  
  89  6:32  Supply Depot  
  91  6:33  SCV  
  91  6:35  SCV  
  91  6:36  Marine  
  91  6:37  Marine x2  
  91  6:39  Barracks Reactor x2  
  94  6:46  Armory  
  94  6:49  Marine  
  94  6:50  Combat Shield  
  94  6:51  Marine  
  94  6:52  SCV x2  
  94  6:53  SCV  
  99  6:56  Supply Depot  
  99  6:58  Marine x2  
  101  7:02  Marine  
  101  7:04  SCV x2  
  101  7:05  SCV, Supply Depot  
  101  7:06  Supply Depot  
  101  7:07  Marine  
  106  7:09  Marine  
  106  7:10  Siege Tank  
  110  7:16  SCV x2, Marine x5  
  110  7:18  SCV  
  118  7:23  Marine  
  118  7:25  Marine  
  118  7:28  SCV x2  
  122  7:30  SCV  
  122  7:32  Missile Turret  
  122  7:33  Missile Turret  
  122  7:34  Missile Turret  
  122  7:35  Marine x3  
  122  7:36  Marine x2  
  122  7:37  Marine  
  128  7:38  Supply Depot  
  128  7:40  Marine, Supply Depot  
  128  7:41  Marine  
  128  7:43  SCV x2  
  133  7:46  Siege Tank  
  133  7:49  Terran Infantry Weapons Level 2  
  136  7:54  Marine  
  136  7:55  Marine x2  
  136  7:56  Marine  
  136  7:57  Supply Depot  
  140  8:00  Marine  
  140  8:01  Marine  
  140  8:02  SCV  
  140  8:04  Marine  
  144  8:07  Marine  
  144  8:09  Marine  
  144  8:10  Supply Depot  
  145  8:16  Barracks  
  145  8:18  Barracks, Marine  
  145  8:19  Barracks  
  146  8:22  Siege Tank  
  146  8:26  Marine x4  
  153  8:28  Marine x2  
  153  8:32  Marine x2  
  157  8:34  Medivac  
  157  8:36  Marine  
  157  8:37  Medivac  
  157  8:40  Supply Depot  
  162  8:43  Marine  
  162  8:48  Marine, Supply Depot  
  163  8:51  Marine  
  163  8:52  Marine x2  
  163  8:53  Marine  
  168  9:00  Siege Tank, Marine  
  168  9:01  Command Center, Supply Depot  
  172  9:05  Supply Depot  
  172  9:07  Refinery  
  172  9:09  Barracks Tech Lab x2  
  172  9:10  Barracks Reactor  
  172  9:11  Marine x2  
  172  9:13  Marine x3  
  172  9:14  Marine  
  178  9:18  Marine x2  
  178  9:20  Medivac  
  178  9:24  Marine  
  180  9:28  Marine x2  
  180  9:29  Supply Depot  
  180  9:30  Marine x2  
  177  9:31  Marine x3  
  177  9:32  Marine  
  177  9:36  Marine  
  165  9:39  Marine  
  165  9:41  Marine  
  151  9:46  Marine x2  
  151  9:47  Marine  
  151  9:48  Marine  
  151  9:49  Marine  
  151  9:51  Marine x2  
  151  9:52  Marine x2  
  132  9:53  SCV  
  132  9:54  Marine x2  
  132  9:57  SCV x2, Marine  
  132  9:59  Marine  
  131  10:05  SCV  
Tags
 
Add a new tag
Caveats
  • Supply blocks, unpowered buildings, or Contaminate may cause inaccurate times.
  • Supply counts are checked every 10 seconds.